 Dungeon Crawl Stone Soup version 0.25-a0-547-g27a0b5d1ef (webtiles) character file.

Game seed: 15170323515344301869, levelgen mode: deterministic

5888 kae the Grappler (level 10, -1/84 HPs)
             Began as a Demonspawn Fighter on Feb 20, 2020.
             Was a Believer of Wu Jian.
             Slain by an orc warrior
             ... wielding a +0 halberd
              (4 damage)
             ... on level 8 of the Dungeon on Feb 21, 2020.
             The game lasted 00:08:45 (9290 turns).

kae the Grappler (Demonspawn Fighter)               Turns: 9290, Time: 00:08:46

Health: -1/84      AC:  7    Str: 22    XL:     10   Next: 52%
Magic:  0/19       EV: 12    Int: 12    God:    Wu Jian [**....]
Gold:   400        SH:  6    Dex: 16    Spells: 9/9 levels left

rFire    . . .     SeeInvis .     - Unarmed
rCold    + . .     Gourm    .   (no shield)
rNeg     . . .     Faith    .   a - +1 scale mail
rPois    .         Spirit   +   x - +0 hat {Int+3}
rElec    .         Reflect  .   (no cloak)
rCorr    .         Harm     .   (no gloves)
MR       .....                  (no boots)
Stlth    ++........             (no amulet)
HPRegen  0.24/turn              l - +3 ring of evasion
MPRegen  0.16/turn              p - ring of magical power

@: mighty, lethally poisoned (-1 -> -6), slowed, drained, very slow
A: claws 2, large bone plates 2, cold resistance 1, nightstalker 2, magic shield
a: Wall Jump, Renounce Religion


You were on level 8 of the Dungeon.
You worshipped Wu Jian.
Wu Jian was pleased with you.
You were very hungry.

You visited 2 branches of the dungeon, and saw 9 of its levels.

You collected 400 gold pieces.

Inventory:

Armour
 a - a +1 scale mail (worn)
 b - a +0 kite shield
 x - a +0 hat of intelligence (worn)
Jewellery
 l - a +3 ring of evasion (left claw)
 p - a ring of magical power (right claw)
Wands
 g - a wand of polymorph (4)
 t - a wand of enslavement (18)
Scrolls
 h - 5 scrolls of teleportation
 i - 4 scrolls of blinking
 n - a scroll of amnesia
 u - 2 scrolls of fear
 w - 4 scrolls of enchant armour
Potions
 c - 3 potions of might
 e - a potion of magic
 f - 2 potions of brilliance
 j - 3 potions of haste
 k - a potion of stabbing
 m - 7 potions of curing
 o - a potion of ambrosia {unknown}
 q - 2 potions of heal wounds
 r - 2 potions of resistance
 s - 3 potions of flight
 v - 3 potions of cancellation
 z - a potion of lignification {unknown}
Comestibles
 d - 21 rations


   Skills:
 + Level 9.7(8.6) Fighting
 - Level 2.6(1.7) Armour
 - Level 2.6(1.7) Shields
 * Level 11.8(10.6) Unarmed Combat


You had 9 spell levels left.
You didn't know any spells.
Your spell library contained the following spells:

 Spells                   Type           Power        Failure   Level  Hunger
 Animate Skeleton         Necr           N/A          65%         1    ##.....
 Apportation              Tloc           #.....       65%         1    ##.....
 Corona                   Hex            #......      65%         1    ##.....
 Magic Dart               Conj           #...         65%         1    ##.....
 Summon Small Mammal      Summ           #...         65%         1    ##.....
 Blink                    Tloc           N/A          80%         2    ###....
 Call Imp                 Summ           #.......     80%         2    ###....
 Slow                     Hex            #.......     80%         2    ###....
 Conjure Flame            Conj/Fire      #.......     95%         3    ####...
 Mephitic Cloud           Conj/Pois/Air  #.......     95%         3    ####...


Dungeon Overview and Level Annotations

Branches:
Dungeon (8/15)             Temple (1/1) D:4
   Lair: D:8-11

Altars:
Ashenzari
Cheibriados
Dithmenos
Elyvilon
Fedhas
Gozag
Hepliaklqana
Kikubaaqudgha
Makhleb
Nemelex Xobeh
Okawaru
Qazlal
Ru
Sif Muna
Trog
Uskayaw
Vehumet
Wu Jian
Xom
Yredelemnul
Zin
The Shining One

Shops:
D:5 (

Annotations:
D:3 3 runed translucent doors, Esekla's ghost, amateur DEWz
D:8 1 transporter, Eightlegvermin's ghost, novice OpTm


Innate Abilities, Weirdness & Mutations

You have very sharp fingernails.
You are mostly covered in large bone plates. (SH +6)
Your flesh is cold resistant. (rC+)
You are significantly more attuned to the shadows.
When hurt, damage is shared between your health and your magic reserves.


Message History

The moth of wrath bites you but does no damage.
Eightlegvermin's ghost misses you.
The tengu warrior hits you with the +10 war axe of the Key {drain, rPois MR+ Int+2}!
* * * LOW HITPOINT WARNING * * *
You feel drained.
* * * LOW HITPOINT WARNING * * *
The tengu warrior pecks you but does no damage.
The tengu warrior barely misses you.
Your scale mail prevents you from hitting Eightlegvermin's ghost.
Eightlegvermin's ghost is heavily damaged.
You feel sick.
The tengu warrior hits you with the +10 war axe of the Key {drain, rPois MR+ Int+2}.
* * * LOW HITPOINT WARNING * * *
You feel drained.
* * * LOW HITPOINT WARNING * * *
You block the tengu warrior's attack. The tengu warrior barely misses you.
The moth of wrath bites you.
* * * LOW HITPOINT WARNING * * *
The orc warrior hits you from afar with a +0 halberd.
You die...

#..###########.##
######..##...........#
#.......#...#######..####
#.####....©...### #.....##
#.###...#####...####.#...##
#.##..###.©(###..# #......##
#.##.####.(...##.###.......#
#.#..#..##(W...#..##.......# ##
#.#.##..#§#@...##.##.......#
.#####(#.#y..#KyQ....#.###.....##
.(.....#.#©....o.##..#........##
.####..#.#..##.).≈##.#.#####.##
#####..#.##.#≈#.###.##.# #.#
.......#..#####..#.##..# #.#
...#...##.## #.T...##.## #.#
...........###KQo###.[# #.#
##.#...##....#####...## #.#


You could see a tengu warrior (berserk), a moth of wrath, an orc warrior,
Eightlegvermin's ghost and a kobold.

Vanquished Creatures
  Gastronok (D:8)
  A two-headed ogre (D:8)
  A hornet (D:8)
  Prince Ribbit (D:6)
  Sigmund (D:6)
  A spriggan (D:8)
  A hungry ghost (D:7)
  Menkaure (D:5)
  Edmund (D:4)
  2 sky beasts
  A black bear (D:5)
  3 ice beasts
  2 orc warriors
  2 phantoms
  2 ogres
  2 centaurs
  A big kobold (D:8)
  A bullfrog (D:7)
  A scorpion (D:7)
  3 wights (D:8)
  2 crimson imps
  A centaur zombie (D:6)
  5 hounds
  A bullfrog skeleton (D:4)
  3 jellies
  3 orc priests
  4 orc wizards
  Natasha (twice) (D:2)
  An iguana (D:8)
  6 worker ants
  A killer bee zombie (D:7)
  A hound skeleton (D:5)
  A mummy (D:7)
  A worker ant zombie (D:6)
  Robin (D:2)
  8 adders
  4 shadow imps
  An ooze (D:4)
  A dart slug (D:1)
  6 leopard geckos
  18 orcs
  A ball python (D:1)
  5 bats
  3 giant cockroaches
  9 goblins
  10 hobgoblins
  6 jackals (D:6)
  3 quokkas
  5 frilled lizards
  A goblin zombie (D:7)
  12 kobolds
  A kobold zombie (D:7)
  4 rats
160 creatures vanquished.

Notes
Turn   | Place    | Note
-------+----------+-------------------------------------------
     0 | D:1      | kae the Demonspawn Fighter began the quest for the Orb.
     0 | D:1      | Reached XP level 1. HP: 18/18 MP: 1/1
    34 | D:1      | Reached skill level 2 in Unarmed Combat
    98 | D:1      | Gained mutation: You are partially covered in large bone
                  | plates. (SH +4) [demonic ancestry]
    98 | D:1      | Reached XP level 2. HP: 14/24 MP: 2/2
   267 | D:1      | Upgraded the game from 0.25-a0-544-gee0576305d to
                  | 0.25-a0-547-g27a0b5d1ef
   337 | D:1      | Found a shimmering altar of Xom.
  1110 | D:2      | Noticed a crimson imp
  1495 | D:2      | Noticed Natasha
  1509 | D:2      | Killed Natasha
  1509 | D:2      | Reached skill level 3 in Unarmed Combat
  1509 | D:2      | Gained mutation: You have sharp fingernails. [demonic
                  | ancestry]
  1509 | D:2      | Reached XP level 3. HP: 6/29 MP: 3/3
  1848 | D:2      | Noticed Robin
  1853 | D:2      | Killed Robin
  1853 | D:2      | Gained mutation: You have very sharp fingernails. [demonic
                  | ancestry]
  1853 | D:2      | Reached XP level 4. HP: 37/37 MP: 4/4
  2003 | D:2      | Noticed Natasha
  2024 | D:2      | Killed Natasha
  2364 | D:3      | Found a runed translucent gate.
  2364 | D:3      | Found a runed translucent gate.
  2364 | D:3      | Found a runed translucent gate.
  2402 | D:3      | Found a burning altar of Makhleb.
  2596 | D:3      | Found a hide-covered altar of Uskayaw.
  2734 | D:3      | Noticed a +0 hand axe
  2734 | D:3      | Noticed a +0 dagger
  2758 | D:3      | Reached skill level 4 in Unarmed Combat
  2823 | D:3      | Gained mutation: You are slightly more attuned to the
                  | shadows. [demonic ancestry]
  2823 | D:3      | Reached XP level 5. HP: 41/42 MP: 5/5
  3381 | D:3      | Noticed Esekla's ghost (amateur DEWz)
  3596 | D:4      | Found a staircase to the Ecumenical Temple.
  3652 | Temple   | Entered the Ecumenical Temple
  4007 | D:4      | Gained mutation: You are significantly more attuned to the
                  | shadows. [demonic ancestry]
  4007 | D:4      | Reached XP level 6. HP: 46/49 MP: 6/6
  4098 | D:4      | Reached skill level 5 in Unarmed Combat
  4518 | D:5      | Entered Level 5 of the Dungeon
  4616 | D:5      | Reached skill level 5 in Fighting
  4776 | D:5      | Gained mutation: You are mostly covered in large bone
                  | plates. (SH +6) [demonic ancestry]
  4776 | D:5      | Reached XP level 7. HP: 52/56 MP: 7/7
  4783 | D:5      | Reached skill level 6 in Unarmed Combat
  4919 | D:5      | Found an ornate altar of the Wu Jian Council.
  4953 | D:5      | Found Lonong's Weapon Shoppe.
  5036 | D:5      | Noticed Edmund
  5065 | D:5      | Became a worshipper of the Wu Jian Council
  5136 | D:4      | Killed Edmund
  5415 | D:5      | Reached skill level 7 in Unarmed Combat
  5421 | D:5      | Noticed Menkaure
  5427 | D:5      | Reached XP level 8. HP: 54/64 MP: 8/8
  5431 | D:5      | Killed Menkaure
  5912 | D:6      | Reached skill level 8 in Unarmed Combat
  5915 | D:6      | Found a stormy altar of Qazlal.
  5917 | D:6      | Found a shimmering altar of Xom.
  5919 | D:6      | Found a basalt altar of Yredelemnul.
  5919 | D:6      | You fall into a shaft and drop 1 floor!
  5933 | D:6      | Noticed Prince Ribbit
  5940 | D:6      | Killed Prince Ribbit
  5972 | D:6      | Noticed Sigmund
  5983 | D:6      | Killed Sigmund
  6127 | D:6      | Reached * piety under Wu Jian
  6355 | D:6      | Found an ornate altar of the Wu Jian Council.
  6495 | D:6      | Reached skill level 9 in Unarmed Combat
  6595 | D:6      | Gained mutation: When hurt, damage is shared between your
                  | health and your magic reserves. [demonic ancestry]
  6595 | D:6      | Reached XP level 9. HP: 67/72 MP: 9/9
  6728 | D:6      | Found a glowing silver altar of Zin.
  6729 | D:6      | Noticed an angel
  7610 | D:7      | Reached ** piety under Wu Jian
  7671 | D:7      | Found a bloodstained altar of Trog.
  7960 | D:8      | Reached skill level 10 in Unarmed Combat
  8122 | D:8      | Found a bloodstained altar of Trog.
  8157 | D:8      | Noticed a two-headed ogre
  8175 | D:8      | HP: 3/75 [two-headed ogre/+0 giant club (8)]
  8177 | D:8      | Killed a two-headed ogre
  8177 | D:8      | Gained mutation: Your flesh is cold resistant. (rC+)
                  | [demonic ancestry]
  8177 | D:8      | Reached XP level 10. HP: 4/82 MP: 0/10
  8679 | D:8      | Noticed Gastronok
  8696 | D:8      | Killed Gastronok
  8696 | D:8      | Reached skill level 11 in Unarmed Combat
  9010 | D:8      | Found a transporter.
  9025 | D:8      | Noticed a moth of wrath
  9042 | D:8      | Noticed Eightlegvermin's ghost (novice OpTm)
  9071 | D:8      | Found a transporter.
  9072 | D:8      | Identified the +10 war axe of the Key {drain, rPois MR+
                  | Int+2}
  9072 | D:8      | Noticed a tengu warrior
  9287 | D:8      | Found a bloodstained altar of Trog.
  9290 | D:8      | HP: 3/84 [moth of wrath (5)]
  9290 | D:8      | Slain by an orc warrior

Levels and vault maps discovered:
D:1:      minmay_arrival_radiant_lines, layout_basic, xom_teletrap_fun
D:2:      layout_rooms, uniq_robin, uniq_natasha
D:3:      layout_basic, dancing_weapons_uskayaw, nicolae_overflow_crystal_walls,
          first_ration, gammafunk_ghost_icy
D:4:      layout_basic, minmay_temple_entry_slanted
D:5:      layout_cave_pools, marbit_many_paths, serial_shops, shop,
          uniq_menkaure, uniq_edmund
D:6:      layout_loops_corners, zin_angel, grunt_temple_overflow_open,
          basic_altar, uniq_prince_ribbit1, uniq_sigmund
D:7:      layout_loops_ring, lightli_temple_of_fire, nicolae_ossuary_entry_giza
D:8:      layout_loops_ring, gammafunk_ghost_wrathful_warriors, the_bakery,
          bloody_trog, uniq_gastronok
Temple:   eino_temple_water

Skill      XL: |  1  2  3  4  5  6  7  8  9 10 |
---------------+-------------------------------+-----
Unarmed Combat | 2 3 4 5 7 9 10 11 | 11.8
Fighting       | 4 5 6 7 8 9 |  9.7
Armour         | |  2.6
Shields        | |  2.6

Action                   |  1- 3 |  4- 6 |  7- 9 | 10-12 || total
-------------------------+-------+-------+-------+-------++-------
Melee: Unarmed           |   179 |   176 |   257 |    29 ||   641
       Punch             |     3 |     1 |    10 |     4 ||    18
Invok: Lunge             |       |       |    21 |     3 ||    24
       Whirlwind         |       |       |       |     1 ||     1
 Abil: Wall Jump         |       |       |     1 |       ||     1
  Use: Potion            |     1 |       |       |     1 ||     2
       Scroll            |     3 |     9 |     7 |     1 ||    20
 Stab: Sleeping          |       |     1 |    10 |     2 ||    13
  Eat: Chunk             |     3 |     9 |    11 |       ||    23
       Ration            |       |       |       |     1 ||     1
Armor: Scale mail        |    73 |    64 |    40 |     4 ||   181
Dodge: Dodged            |    67 |    86 |    71 |    13 ||   237
Block: Kite shield       |    29 |       |       |       ||    29
       Other             |    15 |    39 |    46 |     7 ||   107

Table legend:
 A = Non-vault XP
 B = Vault XP
 C = Vault XP percentage of total XP
 D = Non-vault monster count
 E = Vault monster count
 F = Vault count percentage of total count
                 A         B        C        D         E       F
            +---------+---------+-------+---------+---------+-------
      Total |    4720 |    3692 |  43.9 |     137 |      23 |  14.4
            +---------+---------+-------+---------+---------+-------
        D:1 |      29 |       0 |   0.0 |      17 |       0 |   0.0
        D:2 |      59 |      70 |  54.3 |      14 |      12 |  46.2
        D:3 |      71 |       0 |   0.0 |      13 |       0 |   0.0
        D:4 |     270 |     164 |  37.8 |      14 |       1 |   6.7
        D:5 |     835 |     303 |  26.6 |      14 |       2 |  12.5
        D:6 |     694 |     499 |  41.8 |      29 |       2 |   6.5
        D:7 |     700 |      20 |   2.8 |      17 |       3 |  15.0
        D:8 |    2062 |    2636 |  56.1 |      19 |       3 |  13.6
            +---------+---------+-------+---------+---------+-------
